 Dungeon Crawl Stone Soup version 0.14.2 (webtiles) character file.

4222 Gildeon the Severer (level 9, -1/70 HPs)
             Began as a Minotaur Fighter on Aug 13, 2018.
             Was a Believer of Makhleb.
             Killed from afar by a gargoyle (24 damage)
             ... with a stone arrow
             ... on Level 9 of the Dungeon on Aug 15, 2018.
             The game lasted 00:34:51 (6379 turns).

Gildeon the Severer (Minotaur Fighter)              Turns: 6379, Time: 00:34:53

HP  -1/70        AC 12     Str 27      XL: 9   Next: 95%
MP   4/4         EV  5     Int  6      God: Makhleb [**....]
Gold 441         SH 20     Dex 11      Spells:  0 memorised,  8 levels left

rFire  . . .     SeeInvis .     a - +2 war axe
rCold  . . .     Clarity  .     m - +0 chain mail
rNeg   . . .     Conserve .     c - +0 shield
rPois  .         rCorr    +     (helmet restricted)
rElec  .         rRot     .     u - +2 cloak
SustAb . .       Spirit   .     (no gloves)
rMut   .         Warding  .     (no boots)
Saprov . . .     Stasis   .     f - amulet of resist corrosion
MR     .....                    (no ring)
                                (no ring)

@: mighty, lethally poisoned, not resistant to hostile enchantments, extremely
unstealthy
A: retaliatory headbutt, fangs 1, horns 2
a: Minor Destruction, Renounce Religion


You were on level 9 of the Dungeon.
You worshipped Makhleb.
Makhleb was pleased with you.
You were not hungry.

You visited 2 branches of the dungeon, and saw 10 of its levels.
You also visited: Sewer.

You collected 441 gold pieces.

Inventory:

Hand weapons
 a - a +2,+2 war axe (weapon)
 o - a +1,+0 whip of flaming
Armour
 c - a +0 shield (worn)
 m - a +0 chain mail (worn)
 u - a +2 cloak (worn)
Magical devices
 k - a wand of magic darts (8)
 n - a wand of polymorph (14) {unknown}
 q - a wand of slowing (22)
 s - a wand of enslavement (11)
Comestibles
 d - 7 bread rations
 g - 5 meat rations
 l - 11 sultanas
 C - a pear
 K - a chunk of adder flesh
 L - 4 chunks of orc flesh
 O - 4 chunks of ogre flesh
Scrolls
 b - 5 scrolls of remove curse
 h - a scroll of fog {unknown}
 j - a scroll of teleportation
 F - a scroll of blinking
Jewellery
 f - an amulet of resist corrosion (around neck)
 r - an uncursed ring of magical power {unknown}
 M - an uncursed ring of see invisible {unknown}
Potions
 i - 3 potions of cure mutation
 v - 2 potions of haste
 w - a potion of paralysis {unknown}
 x - a potion of confusion {unknown}
 z - a potion of curing {unknown}
 B - a potion of mutation {unknown}
 D - 2 potions of heal wounds {unknown}
 E - 2 potions of brilliance {unknown}
 H - a potion of agility {unknown}
 I - a potion of restore abilities {unknown}
 J - a potion of lignification {unknown}
 N - a potion of resistance {unknown}
Books
 y - a book of Summonings

   Spells                             Type                      Level
   Abjuration                         Summoning                    3
   Recall                             Summoning/Translocation      3
   Summon Elemental                   Summoning                    4
   Shadow Creatures                   Summoning                    5
   Summon Demon                       Summoning                    5
   Monstrous Menagerie                Summoning                    6


   Skills:
 - Level 3.6 Fighting
 * Level 16.0 Axes
 - Level 3.6 Armour
 - Level 3.6 Shields


You had 8 spell levels left.
You didn't know any spells.

Dungeon Overview and Level Annotations

Branches:
Dungeon (9/15)             Temple (1/1) D:5
    Orc: D:9-12        Lair: D:8-11

Altars:
Ashenzari
Dithmenos
Fedhas
Makhleb
Yredelemnul
The Shining One

Shops:
D:5 =   D:8 *


Innate Abilities, Weirdness & Mutations

You reflexively headbutt those who attack you in melee.
You have a pair of horns on your head.
You have very sharp teeth.


Message History

You miss the killer bee.
The killer bee is lightly wounded.
You barely miss the hound. You bite the hound.
The hound is lightly wounded.
You barely miss the killer bee.
The killer bee is heavily wounded.
You hit the gargoyle but do no damage.
The gargoyle is lightly damaged.
You feel sick. You block the killer bee's attack. The killer bee stings you.
The gargoyle hits you with a dire flail.
The killer bee stings you but does no damage. x2
The hound bites you but does no damage.
Drink which item? (? for menu, Esc to quit)
You feel very mighty all of a sudden.
The killer bee stings you but does no damage.
You block the killer bee's attack. You block the hound's attack.
The kobold hits you with a short sword.
The gargoyle hurls a stone arrow at you.
The stone arrow hits you!
You die...

#.. .#.....
......#
o.....#
.o....#
#o)...#
#.....#
....####K9...#
#....h..@%...#
#####..khk...#
#........#
#........#
#..?.....#
#........#
#........#
#........ ...


You could see a warg, a gargoyle, a hound, 2 killer bees, an orc priest
(wandering), an orc wizard, an orc and a kobold.

Vanquished Creatures
  Pikel (D:4)
  2 hippogriffs (D:8)
  An ice beast (D:7)
  2 slaves (D:4)
  A sky beast (D:8)
  Purgy (Sewer)
  2 centaurs
  A phantom (D:4)
  5 ogres
  2 giant frogs
  2 scorpions
  7 killer bees
  4 goliath beetles
  A two-headed ogre zombie (D:6)
  4 crimson imps
  4 hounds
  Crazy Yiuf (D:3)
  2 jellies (D:7)
  An orc priest (D:7)
  An iguana (D:4)
  2 worker ants
  Natasha (thrice) (D:3)
  A gnoll shaman (D:5)
  5 orc wizards
  Jessica (D:3)
  Terence (D:2)
  7 gnolls
  4 adders
  A green rat (D:6)
  A worm zombie (D:5)
  2 giant mites (D:6)
  A scorpion zombie (D:7)
  An inept feature mimic (D:5)
  A shadow imp (D:5)
  4 worms
  A giant gecko (D:6)
  17 orcs
  A bat skeleton (D:5)
  6 giant cockroaches
  21 goblins
  10 hobgoblins
  7 jackals
  A quokka (D:3)
  2 ball pythons
  8 bats
  12 giant newts
  A hobgoblin skeleton (D:6)
  2 jackal zombies (D:5)
  14 kobolds
  21 rats
  A bush (D:4)
205 creatures vanquished.

Vanquished Creatures (others)
  The ghost of crawlian the Arsonist, an experienced DEFE (D:8)
  A giant eyeball (D:4)
  A goblin (D:4)
3 creatures vanquished.

Grand Total: 208 creatures vanquished

Notes
Turn   | Place    | Note
--------------------------------------------------------------
     0 | D:1      | Gildeon, the Minotaur Fighter, began the quest for the Orb.
     0 | D:1      | Reached XP level 1. HP: 19/19 MP: 1/1
   158 | D:1      | Reached XP level 2. HP: 15/26 MP: 1/1
   743 | D:2      | Reached skill level 4 in Axes
   860 | D:2      | Noticed Terence
   871 | D:2      | Killed Terence
   871 | D:2      | Reached XP level 3. HP: 11/31 MP: 2/2
  1340 | D:2      | You fall through a shaft for 2 floors!
  1341 | D:4      | Noticed a slave
  1357 | D:4      | Killed a slave
  1920 | D:3      | Noticed Natasha
  1938 | D:3      | Killed Natasha
  1938 | D:3      | Reached skill level 5 in Axes
  1938 | D:3      | Reached XP level 4. HP: 30/39 MP: 2/2
  2018 | D:3      | Noticed Natasha
  2022 | D:3      | Killed Natasha
  2033 | D:3      | Found a shadowy altar of Dithmenos.
  2034 | D:3      | Noticed Natasha
  2041 | D:3      | Killed Natasha
  2141 | D:3      | Noticed Jessica
  2147 | D:3      | Killed Jessica
  2147 | D:3      | Reached skill level 6 in Axes
  2276 | D:3      | Noticed Crazy Yiuf
  2284 | D:3      | Killed Crazy Yiuf
  2284 | D:3      | Reached XP level 5. HP: 19/45 MP: 2/2
  2576 | D:4      | Noticed a slave
  2582 | D:4      | Noticed a slave
  2582 | D:4      | Killed a slave
  2583 | D:4      | Noticed Pikel
  2585 | D:4      | Noticed a slave
  2600 | D:4      | Killed Pikel
  2600 | D:4      | Reached skill level 9 in Axes
  2600 | D:4      | Reached XP level 6. HP: 37/51 MP: 3/3
  2600 | D:4      | Reached XP level 7. HP: 41/57 MP: 3/3
  2870 | D:4      | Reached skill level 10 in Axes
  3072 | D:4      | Noticed a phantom
  3081 | D:4      | Killed a phantom
  3260 | D:5      | Entered Level 5 of the Dungeon
  3305 | D:5      | Reached skill level 11 in Axes
  3305 | D:5      | Reached XP level 8. HP: 52/64 MP: 3/3
  3538 | D:5      | Reached skill level 12 in Axes
  3568 | D:5      | Found a staircase to the Ecumenical Temple.
  3584 | Temple   | Entered the Ecumenical Temple
  3593 | Temple   | Became a worshipper of Makhleb the Destroyer
  3670 | D:5      | Found Straestr Etif's Jewellery Shoppe.
  4054 | D:6      | Found a glowing drain.
  4061 | Sewer    | Entered a sewer
  4133 | Sewer    | Noticed Purgy
  4144 | Sewer    | Killed Purgy
  4144 | Sewer    | Acquired Makhleb's first power
  4427 | D:6      | Reached skill level 13 in Axes
  5057 | D:7      | Reached XP level 9. HP: 44/70 MP: 4/4
  5222 | D:7      | Acquired Makhleb's second power
  5331 | D:7      | Reached skill level 14 in Axes
  5929 | D:8      | Found a shattered altar of Ashenzari.
  5956 | D:8      | Found Xahurph's Assorted Antiques.
  6153 | D:8      | Reached skill level 15 in Axes
  6171 | D:8      | Noticed crawlian's ghost (experienced DEFE)
  6179 | D:8      | Killed crawlian's ghost
  6246 | D:8      | Reached skill level 16 in Axes
  6262 | D:8      | Gained mutation: You have very sharp teeth. [mutagenic meat]
  6372 | D:9      | Noticed a gargoyle
  6379 | D:9      | Killed from afar by a gargoyle

Action                   |  1- 3 |  4- 6 |  7- 9 || total
-------------------------+-------+-------+-------++-------
Melee: War axe           |   122 |    55 |   467 ||   644
  Use: Scroll            |     6 |     4 |     9 ||    19
       Potion            |       |       |     3 ||     3
